 Dungeon Crawl Stone Soup version 0.22-a0-515-g75794bf (webtiles) character file.

145 iamserjio the Sneak (level 5, -3/34 HPs)
             Began as an Octopode Assassin on June 19, 2018.
             Slain by Grinder (10 damage)
             ... on level 3 of the Dungeon.
             The game lasted 00:04:56 (2768 turns).

iamserjio the Sneak (Octopode Assassin)             Turns: 2768, Time: 00:04:56

Health: -3/34      AC:  1    Str: 11    XL:     5   Next: 27%
Magic:  5/5        EV: 14    Int: 13    God:
Gold:   89         SH:  0    Dex: 14    Spells: 4/4 levels left

rFire    . . .     SeeInvis .   j - +0 short sword
rCold    . . .     Gourm    .   (no shield)
rNeg     . . .     Faith    .   (helmet restricted)
rPois    .         Spirit   .   (no amulet)
rElec    .         Reflect  .   (no ring)
rCorr    .         Harm     .   (no ring)
MR       .....                  (no ring)
Stlth    ++++......             (no ring)
HPRegen  0.11/turn              (no ring)
MPRegen  0.09/turn              (no ring)
                                (no ring)
                                (no ring)

@: no status effects
A: almost no armour, stealthy swim, amphibious, 8 rings, constrict 8, camouflage
1, gelatinous body 1
a: no special abilities


You were on level 3 of the Dungeon.
You were not hungry.

You visited 1 branch of the dungeon, and saw 3 of its levels.

You collected 89 gold pieces.

Inventory:

Hand Weapons
 a - a +2 dagger
 b - a +0 blowgun
 j - a +0 short sword (weapon)
 t - a +1 hunting sling of flaming
Missiles
 c - 8 poisoned needles
 d - 2 curare-tipped needles {!f}
 o - 94 stones (quivered)
 x - 27 sling bullets
Jewellery
 e - a +1 ring of slaying {unknown}
 q - a cursed +4 ring of intelligence {unknown}
Wands
 B - a wand of flame (13)
Scrolls
 g - a scroll of magic mapping {unknown}
 i - 3 scrolls of identify {unknown}
 k - a scroll of enchant weapon {unknown}
 p - a scroll of teleportation {unknown}
 r - a scroll of noise {unknown}
 s - 2 scrolls of blinking {unknown}
 v - 2 scrolls of enchant armour {unknown}
 y - a scroll of remove curse {unknown}
 A - a scroll of fear {unknown}
 C - a scroll of amnesia {unknown}
Potions
 l - a potion of cancellation
 m - 2 potions of mutation {unknown}
 n - a potion of degeneration {unknown}
 u - a potion of heal wounds {unknown}
 w - 2 potions of might {unknown}
Comestibles
 f - 5 rations
 z - 2 chunks of flesh


   Skills:
 - Level 2.0 Fighting
 * Level 4.0 Short Blades
 - Level 2.0 Throwing
 + Level 2.4 Dodging
 + Level 6.4 Stealth


You had 4 spell levels left.
You didn't know any spells.
Your spell library contained the following spells:

 Spells                   Type           Power        Failure   Level  Hunger
 Spider Form              Tmut/Pois      #.........   67%         3    ####...
 Blade Hands              Tmut           #.........   100%        5    ######.
 Ice Form                 Ice/Tmut       #.......     97%         4    #####..
 Sticks to Snakes         Tmut           #.......     43%         2    ###....
 Beastly Appendage        Tmut           #.....       30%         1    ##.....


Dungeon Overview and Level Annotations

Branches:
Dungeon (3/15)

Altars:

Annotations:
D:3 Grinder


Innate Abilities, Weirdness & Mutations

You cannot wear most types of armour.
You are very stealthy in the water. (Stealth+)
You are amphibious.
You can wear up to eight rings at the same time.
You can use your tentacles to constrict eight enemies at once.
Your skin changes colour to match your surroundings (Stealth+).
Your rubbery body absorbs attacks. (AC +1, EV +1)


Message History

* * * LOW HITPOINT WARNING * * *
You feel better. Grinder closely misses you.
You closely miss Grinder. Your grab misses Grinder.
Grinder is severely wounded.
Grinder hits you but does no damage.
You barely miss Grinder. Your grab misses Grinder.
Grinder is severely wounded.
Grinder hits you but does no damage.
You hit Grinder. Your grab misses Grinder. Your squeeze misses Grinder.
Grinder is almost dead.
Grinder hits you!
* * * LOW HITPOINT WARNING * * *
You writhe in agony.
* * * LOW HITPOINT WARNING * * *
You feel better. Grinder hits you.
* * * LOW HITPOINT WARNING * * *
You writhe in agony.
* * * LOW HITPOINT WARNING * * *
You feel better. Grinder hits you!
You die...

#.# ##.## ##...##
#####.###.# #.....#
#.# #.###.###.# #.#
##...## #.###.#
##### #...5@#
####..# #..# # #..#
.. #.(# .# #..# #.#
#..# ######.#####
#.(###............)
#..................


You could see Grinder.

Vanquished Creatures
  Jessica (D:3)
  6 adders
  2 worms
  2 dart slugs
  2 leopard geckos (D:2)
  A giant cockroach (D:1)
  4 goblins
  7 hobgoblins
  4 jackals (D:2)
  12 kobolds
  A quokka (D:3)
  5 bats
  7 rats
54 creatures vanquished.

Notes
Turn   | Place    | Note
-------+----------+-------------------------------------------
     0 | D:1      | iamserjio the Octopode Assassin began the quest for the Orb.
     0 | D:1      | Reached XP level 1. HP: 14/14 MP: 1/1
   324 | D:1      | Reached XP level 2. HP: 19/19 MP: 2/2
  1173 | D:2      | Found a faded altar of an unknown god.
  1180 | D:2      | Reached XP level 3. HP: 22/24 MP: 3/3
  1657 | D:2      | Reached XP level 4. HP: 12/29 MP: 4/4
  1658 | D:2      | Reached skill level 6 in Stealth
  2303 | D:3      | Noticed Jessica
  2308 | D:3      | Killed Jessica
  2308 | D:3      | Reached XP level 5. HP: 34/34 MP: 5/5
  2734 | D:3      | Noticed Grinder
  2745 | D:3      | Paralysed by Grinder for 4 turns
  2758 | D:3      | Paralysed by Grinder for 3 turns
  2766 | D:3      | HP: 1/34 [Grinder (6)]
  2768 | D:3      | Slain by Grinder

Vault maps used:
D:1:      ncdulo_halloftheorcs
D:2:      chequers_ecumenical_altar_simple_redux
D:3:      grunt_temple_overflow_cloverleaf, first_ration, uniq_grinder,
          uniq_jessica

Skill      XL: |  1  2  3  4  5 |
---------------+----------------+-----
Short Blades   | 3 4 |  4.0
Dodging        | 2 |  2.4
Stealth        | 6 |  6.4
Fighting       | |  2.0
Throwing       | |  2.0

Action                   |  1- 3 |  4- 6 || total
-------------------------+-------+-------++-------
Melee: Dagger            |    22 |       ||    22
       Tentacles         |    12 |     5 ||    17
       Constrict         |    16 |    10 ||    26
       Short sword       |    38 |    58 ||    96
Throw: Stone             |       |     2 ||     2
Evoke: Wand              |       |     5 ||     5
  Use: Potion            |       |     5 ||     5
 Stab: Sleeping          |    14 |     5 ||    19
  Eat: Chunk             |     2 |     4 ||     6
Armor: Skin              |     7 |     3 ||    10
Dodge: Dodged            |    45 |    28 ||    73

Table legend:
 A = Spawn XP
 B = Non-spawn XP
 C = Spawn XP percentage of total XP
 D = Spawn monster count
 E = Non-spawn monster count
 F = Spawn count percentage of total count
 G = Total turns spent on level
                    A         B        C        D         E        F      G
               +---------+---------+-------+---------+---------+-------+---------
         Total |       0 |     208 |   0.0 |       0 |      54 |   0.0 |  2768
               +---------+---------+-------+---------+---------+-------+---------
           D:1 |       0 |      30 |   0.0 |       0 |      18 |   0.0 |  1168
           D:2 |       0 |     106 |   0.0 |       0 |      24 |   0.0 |  1128
           D:3 |       0 |      72 |   0.0 |       0 |      12 |   0.0 |   472
               +---------+---------+-------+---------+---------+-------+---------
